 Dungeon Crawl Stone Soup version 0.23.2-30-g0e89c35649 (webtiles) character file.

Game seed: 12377676615820898264

383 EcosseEcosse the Shield-Bearer (level 6, -8/53 HPs)
             Began as a Minotaur Fighter on June 24, 2019.
             Mangled by Pikel
             ... wielding a +1 whip of electrocution
              (12 damage)
             ... on level 4 of the Dungeon.
             The game lasted 00:09:33 (2194 turns).

EcosseEcosse the Shield-Bearer (Minotaur Fighter)   Turns: 2194, Time: 00:09:35

Health: -8/53      AC: 12    Str: 21    XL:     6   Next: 47%
Magic:  5/5        EV:  5    Int:  5    God:
Gold:   204        SH: 10    Dex: 11    Spells: 5/5 levels left

rFire    . . .     SeeInvis .   a - +2 war axe
rCold    . . .     Gourm    .   c - +0 shield
rNeg     . . .     Faith    .   j - +0 plate armour
rPois    .         Spirit   .   (helmet restricted)
rElec    .         Reflect  .   (no cloak)
rCorr    .         Harm     .   (no gloves)
MR       .....                  (no boots)
Stlth    ..........             (no amulet)
HPRegen  0.17/turn              d - +2 ring of slaying (curse)
MPRegen  0.09/turn              (no ring)

@: no status effects
A: retaliatory headbutt, horns 2
a: no special abilities


You were on level 4 of the Dungeon.
You were not hungry.

You visited 1 branch of the dungeon, and saw 4 of its levels.

You collected 204 gold pieces.

Inventory:

Hand Weapons
 a - a +2 war axe (weapon)
 p - a +2 whip of venom
Missiles
 o - 7 tomahawks (quivered)
Armour
 c - a +0 shield (worn)
 j - a +0 plate armour (worn)
Jewellery
 d - a cursed +2 ring of slaying (left hand)
Scrolls
 b - a scroll of noise {unknown}
 h - a scroll of random uselessness {unknown}
 n - a scroll of identify
 q - a scroll of remove curse {unknown}
Potions
 e - 2 potions of haste {unknown}
 g - a potion of resistance {unknown}
 i - a potion of brilliance {unknown}
 k - a potion of invisibility {unknown}
 l - a potion of flight {unknown}
 m - 2 potions of heal wounds {unknown}
 r - a potion of curing {unknown}
Comestibles
 f - 6 rations


   Skills:
 + Level 4.7 Fighting
 + Level 5.3 Axes
 + Level 4.7 Armour
 + Level 1.3 Dodging
 + Level 0.1 Stealth
 + Level 5.6 Shields


You had 5 spell levels left.
You didn't know any spells.
Your spell library was empty.

Dungeon Overview and Level Annotations

Branches:
Dungeon (4/15)
 Temple: D:4-7

Altars:
Hepliaklqana
Ru

Annotations:
D:4 Pikel


Innate Abilities, Weirdness & Mutations

You reflexively headbutt those who attack you in melee.
You have a pair of horns on your head.


Message History

Pikel hits you with a +1 whip of electrocution.
You are electrocuted!
You completely miss Pikel.
Pikel is severely wounded.
Pikel barely misses you.
You closely miss Pikel.
Pikel is severely wounded.
Pikel hits you with a +1 whip of electrocution.
You are electrocuted!
Press: ? - help, v - describe, . - travel A rock wall.
Unknown command.
You closely miss Pikel.
Pikel is severely wounded.
Pikel hits you but does no damage.
You are electrocuted!
* * * LOW HITPOINT WARNING * * *
Pikel hits you with a +1 whip of electrocution.
* * * LOW HITPOINT WARNING * * *
You are electrocuted!
You die...

# .# .###### ##p. .......###pp
#. #)#K# #.# #######@# #.
####### #.# #..(....# #.
#>....# #.# #.#####.# #.
#.....## #.# #.# #.# #.
#....... #.#####.#####.# #.
#.....##
#.............####.####.....†.
#...###.########..........##.#
#.### ### #.##.########.# #.#
#.# #.#


You could see Pikel and 3 slaves.

Vanquished Creatures
  An ogre (D:4)
  An orc priest (D:3)
  A jelly (D:3)
  2 orc wizards (D:3)
  Jessica (D:2)
  A worker ant (D:4)
  3 adders
  4 worms
  A dart slug (D:1)
  4 leopard geckos
  12 orcs
  3 giant cockroaches
  3 hobgoblins
  4 jackals (D:2)
  A quokka (D:2)
  2 ball pythons
  6 bats
  6 frilled lizards
  9 goblins
  10 kobolds
  7 rats
82 creatures vanquished.

Notes
Turn   | Place    | Note
-------+----------+-------------------------------------------
     0 | D:1      | EcosseEcosse the Minotaur Fighter began the quest for the
                  | Orb.
     0 | D:1      | Reached XP level 1. HP: 19/19 MP: 0/0
   252 | D:1      | Reached XP level 2. HP: 27/27 MP: 1/1
   693 | D:2      | Reached XP level 3. HP: 33/33 MP: 2/2
   721 | D:2      | Found a hazy altar of Hepliaklqana.
   921 | D:2      | Reached skill level 1 in Dodging
   921 | D:2      | Reached XP level 4. HP: 40/41 MP: 3/3
   924 | D:2      | Noticed Jessica
   930 | D:2      | Killed Jessica
  1302 | D:3      | Reached skill level 5 in Shields
  1302 | D:3      | Reached XP level 5. HP: 47/47 MP: 4/4
  1328 | D:3      | Found a sacrificial altar of Ru.
  2115 | D:4      | Reached XP level 6. HP: 44/53 MP: 5/5
  2182 | D:4      | Noticed a slave
  2183 | D:4      | Reached skill level 5 in Axes
  2185 | D:4      | Noticed a slave
  2186 | D:4      | Noticed Pikel
  2189 | D:4      | Noticed a slave
  2191 | D:4      | Noticed a slave
  2194 | D:4      | Mangled by Pikel

Skill      XL: |  1  2  3  4  5  6 |
---------------+-------------------+-----
Shields        | 4 5 |  5.6
Fighting       | 4 |  4.7
Axes           | 3 4 5 |  5.3
Dodging        | 1 |  1.3
Armour         | 4 |  4.7
Stealth        | |  0.1

Action                   |  1- 3 |  4- 6 || total
-------------------------+-------+-------++-------
Melee: War axe           |   104 |   124 ||   228
       Headbutt          |    12 |    21 ||    33
  Use: Scroll            |       |     5 ||     5
       Potion            |       |     1 ||     1
  Eat: Ration            |       |     1 ||     1
       Chunk             |       |     1 ||     1
Armor: Scale mail        |    61 |     6 ||    67
       Plate armour      |       |    67 ||    67
Dodge: Dodged            |    43 |    21 ||    64
Block: Shield            |    64 |    70 ||   134
